 Dungeon Crawl Stone Soup version 0.27.1-33-g824d729ab1 (webtiles) character file.

Game seed: 10449078343787458174

86226 jlumianski the Nimble (level 15, 0/108 HPs)
             Began as a Gnoll Monk on Dec 25, 2021.
             Was the Champion of Hepliaklqana.
             Killed from afar by a tengu reaver (37 damage)
             ... with a bolt of cold
             ... on level 12 of the Dungeon.
             The game lasted 02:17:39 (25721 turns).

jlumianski the Nimble (Gnoll Monk)                 Turns: 25721, Time: 02:17:40

Health: 0/108      AC: 24    Str: 19    XL:     15   Next: 86%
Magic:  28/29      EV: 12    Int: 14    God:    Hepliaklqana [******]
Gold:   983        SH:  0    Dex: 14    Spells: 23/34 levels left

rFire    . . .     SeeInvis .   r - +9 battleaxe (flame)
rCold    . . .     Faith    +   (shield currently unavailable)
rNeg     . . .     Spirit   .   u - +4 chain mail
rPois    +         Reflect  .   j - +2 helmet
rElec    .         Harm     .   (no cloak)
rCorr    .         Rampage  .   L - +2 pair of gloves
Will     +....                  h - +1 pair of boots
Stlth    ++........             K - amulet of faith
HPRegen  0.28/turn              W - +6 ring of strength
MPRegen  0.21/turn              m - ring of poison resistance

@: no status effects
A: reduced essence, fangs 1, strong nose, distributed training
a: Renounce Religion, Recall Ancestor, Ancestor Identity, Transference, Idealise


You were on level 12 of the Dungeon.
You worshipped Hepliaklqana.
Hepliaklqana was exalted by your worship.
You visited 4 branches of the dungeon, and saw 20 of its levels.

You collected 1368 gold pieces.
You spent 385 gold pieces at shops.

Inventory:

Hand Weapons
 k - the +7 arbalest "Tuiful" {flame, rF+}
   (You acquired it on level 1 of the Lair of Beasts)

   Any ammunition fired from it burns those it strikes, dealing additional fire
   damage.
   rF:        It protects you from fire.
 r - a +9 battleaxe of flaming (weapon)
 F - the +11 quarterstaff of the Special Places {flame, Int+3 Stlth+}
   (You found it on level 4 of the Lair of Beasts)

   It burns those it strikes, dealing additional fire damage.
   Int:       It affects your intelligence (+3).
   Stlth:     It makes you more stealthy.
 M - a +1 lajatang of draining
 P - a +5 rapier of holy wrath
Missiles
 e - 139 bolts
 f - 99 poisoned darts
 o - 8 javelins
 w - 18 boomerangs (quivered)
 Q - 9 curare-tipped darts
 S - a throwing net
Armour
 h - a +1 pair of boots (worn)
 j - a +2 helmet (worn)
 u - a +4 chain mail (worn)
 x - a +2 ring mail of poison resistance
 L - a +2 pair of gloves (worn)
 U - +0 acid dragon scales
Magical Staves
 A - a staff of conjuration
Jewellery
 b - a +4 ring of protection
 m - a ring of poison resistance (right hand)
 z - a ring of willpower
 K - an amulet of faith (around neck)
 R - a +6 ring of dexterity
 W - a +6 ring of strength (left hand)
Wands
 i - a wand of polymorph (7)
 q - a wand of acid (11)
 C - a wand of digging (12)
 G - a wand of paralysis (7)
 N - a wand of iceblast (10)
Scrolls
 c - 3 scrolls of magic mapping
 d - a scroll of summoning
 p - a scroll of blinking
 t - 8 scrolls of identify
 y - 3 scrolls of fog
 E - 3 scrolls of silence
 J - 5 scrolls of teleportation
 O - 3 scrolls of fear
Potions
 g - 2 potions of brilliance
 l - 7 potions of curing
 n - 4 potions of might
 s - 5 potions of lignification
 v - 2 potions of heal wounds
 B - 4 potions of berserk rage
 H - a potion of ambrosia
 V - a potion of resistance
Miscellaneous
 a - a piece from Xom's chessboard (15/15)
 I - a phial of floods


   Skills:
 + Level 11.7 Fighting
 + Level 10.0 Short Blades
 + Level 10.0 Long Blades
 + Level 11.7 Axes
 + Level 10.0 Maces & Flails
 + Level 10.0 Polearms
 + Level 10.0 Staves
 + Level 10.0 Slings
 + Level 10.0 Bows
 + Level 10.0 Crossbows
 + Level 10.0 Throwing
 + Level 10.0 Armour
 + Level 11.7 Dodging
 + Level 10.8 Stealth
 + Level 10.0 Shields
 + Level 10.0 Unarmed Combat
 + Level 10.0 Spellcasting
 + Level 8.4 Conjurations
 + Level 8.4 Hexes
 + Level 8.4 Summonings
 + Level 8.4 Necromancy
 + Level 8.4 Translocations
 + Level 8.4 Transmutations
 + Level 8.4 Fire Magic
 + Level 8.4 Ice Magic
 + Level 8.4 Air Magic
 + Level 8.4 Earth Magic
 + Level 8.4 Poison Magic
 + Level 10.8 Invocations
 + Level 10.0 Evocations


You had 23 spell levels left.
You knew the following spells:

 Your Spells              Type           Power      Damage    Failure   Level
a - Foxfire               Conj/Fire      100%       2x1d9     2%          1
b - Summon Small Mammal   Summ           100%       N/A       2%          1
c - Ignite Poison         Fire/Tmut/Pois 30%        N/A       8%          3
d - Inner Flame           Hex/Fire       30%        N/A       8%          3
e - Mephitic Cloud        Conj/Pois/Air  30%        N/A       8%          3

Your spell library contained the following spells:

 Spells                   Type           Power      Damage    Failure   Level
 Animate Skeleton         Necr           60%        N/A       2%          1
 Apportation              Tloc           60%        N/A       2%          1
 Corona                   Hex            33%        N/A       2%          1
 Freeze                   Ice            100%       1d11      2%          1
 Magic Dart               Conj           100%       1d8       2%          1
 Pain                     Necr           100%       1d9       2%          1
 Call Imp                 Summ           30%        N/A       3%          2
 Ensorcelled Hibernation  Hex/Ice        60%        N/A       3%          2
 Conjure Flame            Conj/Fire      30%        6-21      8%          3
 Frozen Ramparts          Ice            60%        1d8       8%          3
 Spider Form              Tmut/Pois      15%        N/A       8%          3
 Vampiric Draining        Necr           15%        2d8       8%          3
 Animate Dead             Necr           15%        N/A       26%         4
 Hailstorm                Conj/Ice       30%        3d8       26%         4
 Sticky Flame             Conj/Fire      30%        2d5       26%         4
 Borgnjor's Vile Clutch   Necr/Erth      15%        N/A       56%         5
 Death Channel            Necr           15%        N/A       98%         6
 Shadow Creatures         Summ           N/A        N/A       98%         6


Dungeon Overview and Level Annotations

Branches:
Dungeon (12/15)            Temple (1/1) D:4            Lair (6/6) D:9
  Swamp (0/4) Lair:2        Snake (0/4) Lair:2        Slime (0/5) Lair:6
    Orc (1/2) D:10

Altars:
Ashenzari
Dithmenos
Elyvilon
Fedhas
Gozag
Hepliaklqana
Kikubaaqudgha
Nemelex Xobeh
Okawaru
Ru
Sif Muna
Wu Jian
Yredelemnul
Zin
Jiyva

Shops:
D:2 ([   D:8 ?


Innate Abilities, Weirdness & Mutations

Your life essence is reduced to manifest your ancestor. (-10% HP)
You have very sharp teeth.
Your uncanny sense of smell can sniff out nearby items.
Your experience applies equally to all skills.


Message History

The bolt of fire hits Lwandle!
Lwandle resists.
The bolt of fire hits you!!!
Casting: Ignite Poison (mildly dangerous; 8% risk of failure)
Confirm with . or Enter, or press ? or * to list all spells.
Aiming: Mephitic Cloud (mildly dangerous; 8% risk of failure)
Press: ? - help, Shift-Dir - straight line, f/p - tengu reaver
Aim: a tengu reaver, wielding a +0 dire flail and wearing a +1 scale mail of cold resistance (lightly wounded, ally target, chance to affect: 20%) Lwandle avoids your attack.
The ball explodes into a vile cloud!
The stinking cloud engulfs the tengu reaver but does no damage.
The tengu reaver is lightly wounded.
You hear an angry buzzing noise.
The tengu reaver is engulfed in noxious fumes.
The tengu reaver gestures at you while chanting.
The bolt of cold hits Lwandle!!
Lwandle resists.
The bolt of cold hits you!!
* * * LOW HITPOINT WARNING * * *
A boulder beetle comes into view.
You feel much better.
Lwandle points at the tengu reaver and mumbles some strange words.
The bolt of magma misses the tengu reaver.
The bolt of magma hits the ettin!!
The tengu reaver is engulfed in noxious fumes.
Lwandle hits the ettin with a +0 quarterstaff.
The ettin is engulfed in noxious fumes.
The ettin hits Lwandle with a +0 dire flail.
The ettin misses Lwandle.
Lwandle hits the ettin with a +0 quarterstaff!
The ettin is engulfed in noxious fumes.
The ettin appears confused.
The ettin hits Lwandle with a +0 dire flail!!
Lwandle is destroyed!
The tengu reaver shouts, "What's happening?!"
The ettin shouts in stereo!
Things that are here:
a +0 robe; a +0 dagger; an orc skeleton The ettin seems less confused.
The tengu reaver gestures at you while chanting.
The bolt of cold hits you!!!
You die...

##[## ### #...# #.# ##..##
####.## #....### ##..[).#
##...#..# ##..#...## #.......#
##........## #..<....#
.#..#......####.).#### *##
.#..##..)...##..@.#****#o*#***
....###.##......[.##,*#Q*/#*,**
.....##.####......#!*#.*o#o#*∆#
................[.##,.##C#*,,##
........###.....Q.#o##.#,*,*#.#
#........##.....C.#..##∆*∆*#..*
........#..#......###.#####.#**
.............####B..C.......#
.......>..#.#####..##Q.....####


You could see a tengu reaver, a boulder beetle and an ettin.

Vanquished Creatures
  A tengu reaver (D:12)
  3 dire elephants (Lair:6)
  A boulder beetle (Lair:3)
  The ghost of Powertoast the Fighter, a novice OgCj of Kikubaaqudgha (D:9)
  8 hydras
  4 two-headed ogres
  4 skeletal warriors (D:11)
  A spectral anaconda (Lair:6)
  Pikel (D:5)
  An obsidian statue (Lair:6)
  2 necromancers (Lair:6)
  An oklob plant (Lair:2)
  An ugly thing (D:12)
  8 elephants
  3 black mambas
  A torpor snail (Lair:5)
  3 cane toads
  3 komodo dragons
  A gargoyle (D:12)
  2 kobold demonologists (D:6)
  A dire elephant skeleton (Lair:6)
  2 rime drakes
  3 trolls
  A polar bear (Lair:6)
  11 blink frogs
  A spectral elephant (Lair:6)
  A shadow (D:12)
  2 wraiths (D:11)
  Grum (D:11)
  A basilisk (Lair:1)
  30 yaks
  3 vampire mosquitoes (Lair:2)
  A warg (D:10)
  4 nagas
  2 water moccasins
  A spectral cane toad (Lair:6)
  Duvessa (D:7)
  An orc warrior (Orc:1)
  An elephant zombie (Lair:6)
  A sky beast (D:7)
  A black bear (D:6)
  2 ice beasts
  2 ogres
  A blink frog zombie (D:9)
  4 centaurs
  3 wolves
  An elephant skeleton (Lair:6)
  2 phantoms
  A battlemage (D:12)
  3 kobold brigands
  3 bullfrogs
  A cane toad simulacrum (Lair:6)
  A scorpion (D:4)
  Dowan (D:7)
  A water moccasin skeleton (D:4)
  2 wights (D:8)
  An electric eel (Lair:2)
  A jelly (D:5)
  A gnoll shaman (D:10)
  An orc priest (Orc:1)
  Terence (D:3)
  3 orc wizards
  Natasha (thrice) (D:3)
  A howler monkey zombie (D:7)
  5 gnolls
  5 adders
  4 worms
  3 dart slugs
  9 orcs
  5 ball pythons
  8 endoplasms
  2 giant cockroaches
  6 goblins
  13 hobgoblins
  8 jackals
  14 kobolds
  3 quokkas
  10 bats
  2 frilled lizards (D:2)
  8 rats
265 creatures vanquished.

Vanquished Creatures (collateral kills)
  Josephine (D:11)
  Harold (D:8)
  3 hydras
  A catoblepas (Lair:5)
  2 boulder beetles
  A centaur warrior (D:10)
  A two-headed ogre (D:12)
  A spectral death yak (Lair:6)
  A necromancer (Lair:6)
  A deep elf pyromancer (D:10)
  2 oklob plants (Lair:4)
  A cyclops (D:11)
  4 elephants
  8 cane toads
  An unseen horror (D:11)
  A gargoyle (D:10)
  A kobold demonologist (D:10)
  2 dire elephant skeletons (Lair:6)
  4 rime drakes
  2 komodo dragons (Lair:6)
  A polar bear (Lair:6)
  9 blink frogs
  A spectral elephant (Lair:6)
  A shadow (D:10)
  A centaur simulacrum (D:12)
  3 wraiths (D:11)
  19 yaks
  3 wyverns
  7 vampire mosquitoes
  A steam dragon (D:6)
  2 acid dragons (D:9)
  3 nagas
  6 water moccasins
  4 sky beasts
  An ogre (D:6)
  4 wolves
  A necrophage (D:4)
  An orc warrior (Orc:1)
  3 centaurs
  7 bullfrogs
  A kobold brigand (D:6)
  A gnoll sergeant (D:9)
  A scorpion (D:5)
  2 cane toad simulacra (Lair:6)
  An electric eel (Lair:3)
  2 vampire bats (Lair:2)
  2 wights (D:8)
  3 howler monkeys (D:7)
  2 centaur zombies
  A bullfrog zombie (D:6)
  3 orc priests
  2 bullfrog skeletons
  A hound (D:4)
  A jelly (D:5)
  A centaur skeleton (D:5)
  2 iguanas
  A scorpion zombie (D:5)
  4 orc wizards
  5 adders
  4 gnolls
  A white imp (D:5)
  19 orcs
  4 bats (Lair:2)
  2 endoplasms (D:4)
  A hobgoblin (D:4)
  2 jackals (D:4)
  2 ball pythons (D:4)
  2 goblins (D:4)
  6 kobolds
196 creatures vanquished.

Vanquished Creatures (others)
  An orc priest (D:12)
  25 battlemagi
  An orc (D:12)
  5 foxfires
  18 fungi
  31 plants
  20 withered plants (Lair:6)
101 creatures vanquished.

Grand Total: 562 creatures vanquished

Notes
Turn   | Place    | Note
-------+----------+-------------------------------------------
     0 | D:1      | jlumianski the Gnoll Monk began the quest for the Orb.
     0 | D:1      | Reached XP level 1. HP: 23/23 MP: 1/1
    89 | D:1      | Reached XP level 2. HP: 22/29 MP: 2/2
   681 | D:1      | Reached XP level 3. HP: 35/35 MP: 3/3
  1045 | D:1      | Found a faded altar of an unknown god.
  1147 | D:1      | Reached skill level 1 in Invocations
  1387 | D:1      | Reached skill level 1 in Short Blades
  1387 | D:1      | Reached skill level 1 in Long Blades
  1387 | D:1      | Reached skill level 1 in Maces & Flails
  1387 | D:1      | Reached skill level 1 in Polearms
  1387 | D:1      | Reached skill level 1 in Staves
  1387 | D:1      | Reached skill level 1 in Slings
  1387 | D:1      | Reached skill level 1 in Bows
  1387 | D:1      | Reached skill level 1 in Crossbows
  1387 | D:1      | Reached skill level 1 in Throwing
  1387 | D:1      | Reached skill level 1 in Armour
  1387 | D:1      | Reached skill level 1 in Shields
  1387 | D:1      | Reached skill level 1 in Unarmed Combat
  1387 | D:1      | Reached skill level 1 in Spellcasting
  1387 | D:1      | Reached skill level 1 in Evocations
  1618 | D:2      | Reached XP level 4. HP: 41/41 MP: 5/5
  1762 | D:2      | Found Zoeh's Armour Emporium.
  1778 | D:2      | Bought a +0 chain mail of poison resistance for 85 gold
                  | pieces
  2448 | D:2      | Found Yfisumm's Weapon Shop.
  2550 | D:3      | Found a broken altar of Ashenzari.
  2570 | D:3      | Noticed Natasha
  2576 | D:3      | Killed Natasha
  2577 | D:3      | Reached skill level 1 in Conjurations
  2577 | D:3      | Reached skill level 1 in Hexes
  2577 | D:3      | Reached skill level 1 in Summonings
  2577 | D:3      | Reached skill level 1 in Necromancy
  2577 | D:3      | Reached skill level 1 in Translocations
  2577 | D:3      | Reached skill level 1 in Transmutations
  2577 | D:3      | Reached skill level 1 in Fire Magic
  2577 | D:3      | Reached skill level 1 in Ice Magic
  2577 | D:3      | Reached skill level 1 in Air Magic
  2577 | D:3      | Reached skill level 1 in Earth Magic
  2577 | D:3      | Reached skill level 1 in Poison Magic
  2660 | D:3      | Noticed Natasha
  2685 | D:3      | Killed Natasha
  2686 | D:3      | Reached XP level 5. HP: 37/47 MP: 5/7
  2990 | D:3      | Noticed Terence
  2997 | D:3      | Noticed Natasha
  3003 | D:3      | Killed Terence
  3302 | D:3      | Killed Natasha
  3495 | D:3      | Noticed a phantom
  3524 | D:3      | Killed a phantom
  3525 | D:3      | Reached XP level 6. HP: 12/53 MP: 8/8
  4321 | D:4      | Found a staircase to the Ecumenical Temple.
  4334 | Temple   | Entered the Ecumenical Temple
  4429 | Temple   | Became a worshipper of Hepliaklqana the Forgotten
  4429 | Temple   | Reached * piety under Hepliaklqana
  4429 | Temple   | Reached ** piety under Hepliaklqana
  4430 | Temple   | Remembered your ancestor Lwandle as a battlemage
  4866 | D:4      | Reached XP level 7. HP: 44/53 MP: 10/10
  5331 | D:4      | Identified the +6 short sword "Zidd" {drain, rC++ Dex+4
                  | Stlth-}
  5456 | D:4      | Reached skill level 5 in Stealth
  5574 | D:5      | Entered Level 5 of the Dungeon
  5607 | D:5      | Found a basalt altar of Yredelemnul.
  5607 | D:5      | Noticed Pikel
  5617 | D:5      | Killed Pikel
  5618 | D:5      | Reached XP level 8. HP: 56/60 MP: 11/13
  6244 | D:6      | Reached XP level 9. HP: 64/64 MP: 14/14
  6282 | D:6      | Noticed a kobold demonologist
  6375 | D:6      | Noticed a kobold demonologist
  6376 | D:6      | Killed a kobold demonologist
  6377 | D:6      | Noticed a sixfirhy
  6386 | D:6      | Noticed a rust devil
  7130 | D:6      | Reached *** piety under Hepliaklqana
  7312 | D:6      | Reached skill level 5 in Invocations
  7589 | D:6      | Noticed a sun demon
  7594 | D:6      | Killed a kobold demonologist
  7599 | D:6      | Reached XP level 10. HP: 34/72 MP: 15/17
  8090 | D:7      | Reached skill level 5 in Short Blades
  8090 | D:7      | Reached skill level 5 in Long Blades
  8090 | D:7      | Reached skill level 5 in Maces & Flails
  8090 | D:7      | Reached skill level 5 in Polearms
  8090 | D:7      | Reached skill level 5 in Staves
  8090 | D:7      | Reached skill level 5 in Slings
  8090 | D:7      | Reached skill level 5 in Bows
  8090 | D:7      | Reached skill level 5 in Crossbows
  8090 | D:7      | Reached skill level 5 in Throwing
  8090 | D:7      | Reached skill level 5 in Armour
  8090 | D:7      | Reached skill level 5 in Shields
  8090 | D:7      | Reached skill level 5 in Unarmed Combat
  8090 | D:7      | Reached skill level 5 in Spellcasting
  8090 | D:7      | Reached skill level 5 in Evocations
  8344 | D:7      | Found a sparkling altar of Nemelex Xobeh.
  8368 | D:7      | Reached **** piety under Hepliaklqana
  8411 | D:7      | Noticed Duvessa
  8415 | D:7      | Noticed Dowan
  8821 | D:7      | Killed Duvessa
  8828 | D:7      | Killed Dowan
  9301 | D:8      | You fall into a shaft and drop 1 floor!
  9322 | D:9      | Noticed a two-headed ogre
  9392 | D:9      | Killed a two-headed ogre
  9630 | D:9      | Found a blossoming altar of Fedhas.
  9721 | D:8      | Found Yppec's Magic Scroll Boutique.
  9758 | D:8      | Noticed Harold
  9770 | D:8      | Killed Harold
 10065 | D:8      | Bought a scroll of identify for 24 gold pieces
 10065 | D:8      | Bought a scroll of enchant armour for 90 gold pieces
 10065 | D:8      | Bought a scroll of identify for 24 gold pieces
 10065 | D:8      | Bought a scroll of identify for 24 gold pieces
 10065 | D:8      | Bought a scroll of enchant weapon for 90 gold pieces
 10065 | D:8      | Bought a scroll of identify for 24 gold pieces
 10065 | D:8      | Bought a scroll of identify for 24 gold pieces
 10115 | D:8      | Noticed a boulder beetle
 10133 | D:8      | Killed a boulder beetle
 10134 | D:8      | Reached XP level 11. HP: 80/80 MP: 18/20
 10296 | D:8      | Found a shimmering blue altar of Sif Muna.
 10655 | D:9      | Reached skill level 5 in Conjurations
 10655 | D:9      | Reached skill level 5 in Hexes
 10655 | D:9      | Reached skill level 5 in Summonings
 10655 | D:9      | Reached skill level 5 in Necromancy
 10655 | D:9      | Reached skill level 5 in Translocations
 10655 | D:9      | Reached skill level 5 in Transmutations
 10655 | D:9      | Reached skill level 5 in Fire Magic
 10655 | D:9      | Reached skill level 5 in Ice Magic
 10655 | D:9      | Reached skill level 5 in Air Magic
 10655 | D:9      | Reached skill level 5 in Earth Magic
 10655 | D:9      | Reached skill level 5 in Poison Magic
 10679 | D:9      | Found an iron altar of Okawaru.
 11157 | D:9      | Found a staircase to the Lair.
 11293 | D:9      | Found a runed translucent door.
 11294 | D:9      | Noticed Powertoast's ghost (novice OgCj)
 11294 | D:9      | Noticed a four-headed hydra
 11336 | D:9      | Killed a four-headed hydra
 11413 | D:9      | Killed Powertoast's ghost
 11838 | Lair:1   | Entered Level 1 of the Lair of Beasts
 11871 | D:10     | Entered Level 10 of the Dungeon
 11897 | D:10     | Reached ***** piety under Hepliaklqana
 11938 | D:10     | Found a staircase to the Orcish Mines.
 12404 | D:10     | Noticed a centaur warrior
 12412 | D:10     | Killed a centaur warrior
 12593 | D:10     | Noticed a deep elf pyromancer
 12597 | D:10     | Killed a deep elf pyromancer
 12920 | D:10     | Noticed a two-headed ogre
 13052 | D:10     | Killed a two-headed ogre
 13328 | D:10     | Found a glowing silver altar of Zin.
 13780 | D:10     | Found a shadowy altar of Dithmenos.
 13927 | D:10     | Learned a level 1 spell: Foxfire
 14129 | D:11     | Noticed a skeletal warrior
 14129 | D:11     | Noticed a skeletal warrior
 14301 | Orc:1    | Entered Level 1 of the Orcish Mines
 14386 | Orc:1    | Reached XP level 12. HP: 73/86 MP: 22/22
 14387 | Orc:1    | Noticed an orc warlord
 14866 | Lair:1   | Identified a scroll of acquirement
 14866 | Lair:1   | Acquired the +7 arbalest "Tuiful" {flame, rF+}
 15254 | Lair:1   | Acquired a +4 battleaxe of flaming
 16272 | Lair:2   | Found a staircase to the Swamp.
 16669 | Lair:2   | Reached skill level 10 in Fighting
 16669 | Lair:2   | Reached skill level 10 in Axes
 16669 | Lair:2   | Reached skill level 10 in Dodging
 16761 | Lair:2   | Found a staircase to the Snake Pit.
 16950 | Lair:2   | Reached ****** piety under Hepliaklqana
 17289 | Lair:3   | Noticed a boulder beetle
 17290 | Lair:3   | Noticed a four-headed hydra
 17412 | Lair:2   | Killed a one-headed hydra
 17490 | Lair:3   | Killed a boulder beetle
 17491 | Lair:3   | Reached XP level 13. HP: 84/92 MP: 24/24
 17760 | Lair:3   | Learned a level 1 spell: Summon Small Mammal
 17764 | Lair:3   | Learned a level 3 spell: Ignite Poison
 17801 | Lair:3   | Learned a level 3 spell: Inner Flame
 18471 | Lair:4   | Found the +2 robe of Vines {NoPotionHeal Regen+++}
 18785 | Lair:4   | Identified the +11 quarterstaff of the Special Places
                  | {flame, Int+3 Stlth+}
 19996 | Lair:5   | Learned a level 3 spell: Mephitic Cloud
 20311 | Lair:5   | Reached XP level 14. HP: 101/101 MP: 25/27
 20371 | Lair:5   | Reached skill level 10 in Stealth
 21278 | Lair:6   | Entered Level 6 of the Lair of Beasts
 21535 | Lair:6   | Reached skill level 10 in Invocations
 21535 | Lair:6   | Reached XP level 15. HP: 106/106 MP: 28/28
 23336 | Lair:6   | Identified the +3 fustibalus "Orb Guardian's Bane" {flame,
                  | rPois Int-5 Dex+5}
 23556 | Lair:6   | Found a viscous altar of Jiyva.
 23556 | Lair:6   | Found a staircase to the Slime Pits.
 24131 | D:11     | Noticed Grum
 24133 | D:11     | You fall into a shaft and drop 1 floor!
 24226 | D:11     | Killed Grum
 24641 | D:11     | Noticed Josephine
 24649 | D:11     | Killed Josephine
 25355 | D:12     | Reached skill level 10 in Short Blades
 25355 | D:12     | Reached skill level 10 in Long Blades
 25355 | D:12     | Reached skill level 10 in Maces & Flails
 25355 | D:12     | Reached skill level 10 in Polearms
 25355 | D:12     | Reached skill level 10 in Staves
 25355 | D:12     | Reached skill level 10 in Slings
 25355 | D:12     | Reached skill level 10 in Bows
 25355 | D:12     | Reached skill level 10 in Crossbows
 25355 | D:12     | Reached skill level 10 in Throwing
 25355 | D:12     | Reached skill level 10 in Armour
 25355 | D:12     | Reached skill level 10 in Shields
 25355 | D:12     | Reached skill level 10 in Unarmed Combat
 25355 | D:12     | Reached skill level 10 in Spellcasting
 25355 | D:12     | Reached skill level 10 in Evocations
 25374 | D:12     | Noticed a tengu reaver
 25400 | D:12     | Killed a tengu reaver
 25705 | D:12     | Noticed a tengu reaver
 25721 | D:12     | Killed from afar by a tengu reaver

Illustrated notes

Levels and vault maps discovered:
D:1:      lightli_iron_boxes, layout_basic, hellmonk_ecumenical_altar_zigzags
D:2:      layout_loops_ring, serial_shops, nicolae_shop_crystal,
          nicolae_lakefront_shop
D:3:      layout_basic, nicolae_ashenzari_panopticon, chequers_big_river,
          minmay_misc_feat_columns, uniq_terence, uniq_natasha
D:4:      minmay_recursive_quarters, layout_loops_ring,
          minmay_temple_entry_glassed_door
D:5:      layout_rooms, lemuel_round_altar, lemuel_another_geyser, uniq_pikel
D:6:      layout_layer_cave, abandoned_shop
D:7:      layout_loops_ring, mainiacjoe_overflow_tiny_flanked,
          kennysheep_cluttered_room, uniq_duvessa
D:8:      layout_rooms, mainiacjoe_overflow_small_starburst, serial_shops, shop,
          minmay_small_thing, uniq_harold
D:9:      layout_basic, fedhas_ov_isle_minmay, mainiacjoe_overflow_alcove_2,
          lair_entry_dummy, ebering_ghost_inner_flame
D:10:     wander_river, layout_grid_maze, mainiacjoe_overflow_surrounded_room,
          mainiacjoe_overflow_24_doors, orc_0_dummy, small_chamber_with_monster,
          kennysheep_small_spiral
D:11:     layout_loops_ring, roderic_three_in_a_row, uniq_josephine, uniq_grum
D:12:     minmay_glassy_protrusions, layout_cave_pools,
          nicolae_straight_to_the_point
Temple:   minmay_temple_curvy_branch
Lair:1:   layout_regular_city, grunt_forest_stairs_basic, lemuel_fruit_fields
Lair:2:   layout_hall_layers, minmay_swamp_entry_swarm,
          minmay_snake_entry_guardpost_medium, roderic_batcave,
          serial_bayou_lagoon_b
Lair:3:   layout_chaotic_city, serial_bayou_shore_b, grunt_megastairs_5,
          infiniplex_staircase_pool, lemuel_fruit_tree
Lair:4:   layout_cave_pods, hellmonk_guarded_unrand_vines
Lair:5:   layout_roguey
Lair:6:   due_jungle_book, layout_long_grid, dpeg_slime_entry_enclosed_altar
Orc:1:    layout_diamond_mine, serial_shops, shop, nicolae_orc_flooded_monolith,
          minmay_orc_temple_b, uniq_nergalle

Skill      XL: |  1  2  3  4  5  6  7  8  9 10 11 12 13 14 15 |
---------------+----------------------------------------------+-----
Invocations    | 1 2 3 4 5 6 7 8 9 10 | 10.8
Short Blades   | 1 2 3 4 6 7 9 10 | 10.0
Long Blades    | 1 2 3 4 6 7 9 10 | 10.0
Maces & Flails | 1 2 3 4 6 7 9 10 | 10.0
Polearms       | 1 2 3 4 6 7 9 10 | 10.0
Staves         | 1 2 3 4 6 7 9 10 | 10.0
Slings         | 1 2 3 4 6 7 9 10 | 10.0
Bows           | 1 2 3 4 6 7 9 10 | 10.0
Crossbows      | 1 2 3 4 6 7 9 10 | 10.0
Throwing       | 1 2 3 4 6 7 9 10 | 10.0
Armour         | 1 2 3 4 6 7 9 10 | 10.0
Shields        | 1 2 3 4 6 7 9 10 | 10.0
Unarmed Combat | 1 2 3 4 6 7 9 10 | 10.0
Spellcasting   | 1 2 3 4 6 7 9 10 | 10.0
Evocations     | 1 2 3 4 6 7 9 10 | 10.0
Conjurations   | 1 2 3 4 5 6 7 8 |  8.4
Hexes          | 1 2 3 4 5 6 7 8 |  8.4
Summonings     | 1 2 3 4 5 6 7 8 |  8.4
Necromancy     | 1 2 3 4 5 6 7 8 |  8.4
Translocations | 1 2 3 4 5 6 7 8 |  8.4
Transmutations | 1 2 3 4 5 6 7 8 |  8.4
Fire Magic     | 1 2 3 4 5 6 7 8 |  8.4
Ice Magic      | 1 2 3 4 5 6 7 8 |  8.4
Air Magic      | 1 2 3 4 5 6 7 8 |  8.4
Earth Magic    | 1 2 3 4 5 6 7 8 |  8.4
Poison Magic   | 1 2 3 4 5 6 7 8 |  8.4
Fighting       | 7 8 9 10 11 | 11.7
Axes           | 7 8 9 10 11 | 11.7
Dodging        | 7 8 9 10 11 | 11.7
Stealth        | 5 6 7 8 9 10 | 10.8

Action                   |  1- 3 |  4- 6 |  7- 9 | 10-12 | 13-15 || total
-------------------------+-------+-------+-------+-------+-------++-------
Melee: Hand axe          |   135 |    82 |       |    84 |       ||   301
       Bite              |     7 |    10 |    11 |    49 |    36 ||   113
       Dagger            |       |    98 |   131 |   162 |       ||   391
       Punch             |       |     2 |     3 |    10 |     1 ||    16
       Rapier            |       |       |       |    16 |    19 ||    35
       Battleaxe         |       |       |       |    59 |   218 ||   277
 Fire: Arbalest          |       |       |       |    41 |   102 ||   143
Throw: Dart              |       |    18 |    14 |    10 |       ||    42
       Boomerang         |       |       |    47 |    25 |     6 ||    78
 Cast: Foxfire           |       |       |       |     1 |     4 ||     5
       Summon Small Mamm |       |       |       |       |     7 ||     7
       Inner Flame       |       |       |       |       |     4 ||     4
       Mephitic Cloud    |       |       |       |       |    26 ||    26
       Ignite Poison     |       |       |       |       |    19 ||    19
Invok: Ancestor Life: Ba |       |     1 |       |       |       ||     1
       Recall Ancestor   |       |       |     1 |     5 |     4 ||    10
       Idealise          |       |       |       |       |     1 ||     1
Evoke: Wand              |       |       |     1 |     3 |     2 ||     6
  Use: Scroll            |       |     6 |     7 |    18 |     6 ||    37
       Potion            |       |     1 |     2 |     3 |     2 ||     8
 Stab: Sleeping          |     5 |       |       |       |       ||     5
       Distracted        |       |       |     1 |     8 |     6 ||    15
       Confused          |       |       |       |       |     2 ||     2
Armor: Robe              |    18 |       |       |       |       ||    18
       Chain mail        |       |    94 |    75 |   298 |   192 ||   659
Dodge: Dodged            |   107 |    66 |    36 |   235 |   152 ||   596
